 Dungeon Crawl Stone Soup version 0.27-a0-1301-g128193abf8 (webtiles) character file.

Game seed: 15532456392771433267

235 Sobieck the Chopper (level 5, -5/44 HPs)
             Began as a Palentonga Abyssal Knight on June 17, 2021.
             Was a Priest of Lugonu.
             Slain by a gnoll (7 damage)
             ... on level 3 of the Dungeon.
             The game lasted 00:08:49 (4457 turns).

Sobieck the Chopper (Palentonga Abyssal Knight)     Turns: 4457, Time: 00:08:49

Health: -5/44      AC:  5    Str: 17    XL:     5   Next: 76%
Magic:  7/7        EV:  8    Int: 12    God:    Lugonu [***...]
Gold:   125        SH:  0    Dex:  9    Spells: 4/4 levels left

rFire    . . .     SeeInvis +   m - +0 war axe {axe}
rCold    . . .     Faith    .   (no shield)
rNeg     . . .     Spirit   .   c - +0 ring mail
rPois    .         Reflect  .   (no helmet)
rElec    .         Harm     .   (no cloak)
rCorr    .         Rampage  .   (no gloves)
Will     .....                  (no barding)
Stlth    ..........             (no amulet)
HPRegen  0.14/turn              (no ring)
MPRegen  0.10/turn              (no ring)

@: lethally poisoned (-5 -> -10)
A: large, rugged brown scales 3, see invisible, deformed body, roll 1, armoured
tail
a: Rolling Charge, Renounce Religion, Depart the Abyss, Bend Space, Banish


You were on level 3 of the Dungeon.
You worshipped Lugonu.
Lugonu was most pleased with you.
You visited 1 branch of the dungeon, and saw 4 of its levels.
You visited the Abyss 1 time.

You collected 125 gold pieces.


Innate Abilities, Weirdness & Mutations

You are completely covered in rugged brown scales. (AC +3, +7% HP)
You have supernaturally acute eyesight. (SInv)
Armour fits poorly on your strangely shaped body.
You can roll at nearby foes to attack.
You have a long armoured tail.


   Skills:
 + Level 4.1 Fighting
 * Level 4.5 Axes
 - Level 1.5 Armour
 - Level 0.7 Dodging
 + Level 3.6 Invocations


You had 4 spell levels left.
You didn't know any spells.
Your spell library was empty.

Inventory:

Hand Weapons
 a - a +1 hand axe {axe}
 b - a +0 hunting sling {sling}
   (You found it on level 1 of the Dungeon)
 l - a +2 dagger of protection {short}
   (You took it off a kobold on level 3 of the Dungeon)
 m - a +0 war axe (weapon) {axe}
   (You found it on level 2 of the Dungeon)
 u - a +2 short sword of draining {short}
   (You found it on level 3 of the Dungeon)
Missiles
 e - 158 stones {throwing}
 j - 30 sling bullets
 q - 36 arrows
 r - 5 datura-tipped darts {throwing}
 s - 5 boomerangs {throwing}
Armour
 c - a +0 ring mail (worn)
   (You found it on level 2 of the Dungeon)
 f - a +0 leather armour
 p - a +0 kite shield
   (You took it off a goblin on level 2 of the Dungeon)
Scrolls
 d - 5 scrolls of teleportation {@r4}
 i - a scroll of immolation {!r!r}
 k - a scroll of amnesia {unknown}
 v - a scroll of vulnerability {!r!r}
Potions
 g - a potion of brilliance
 h - a potion of invisibility
 t - a potion of resistance {unknown}

Dungeon Overview and Level Annotations

Branches:
Dungeon (4/15)
 Temple: D:4-7

Altars:
Ru
Wu Jian

Shops:
D:3 :(*=

Annotations:
D:3 exclusion: downstairs

#..##.##.###..)#
#.###....#?#.#.#
#.# #g#..###.#
.. #.#
#g##........ .
#.# #K##########
##<###.#
#...##.#
....gg.#
#########.#
#...####
#.....@)g.#
...##
#.#########
###########.#
............#
.############ .#
##


You could see a gnoll.


Message History

Lugonu accepts your kill.
You can now banish your foes.
You start resting.
You feel a little less clever now. 😎 HP[+34]
Your hp is fully restored (44).
e - 158 stones {throwing} (gained 3)
You see here a +0 dagger {short}.
Okay, then.
Unknown command.
There is a stone staircase leading down here.
Press: ? - help, v - describe, . - travel A stone staircase leading down.
Unknown command.
There is a sacrificial altar of Ru here.
There is a stone staircase leading down here.
You climb downwards.
Level annotation: exclusion: downstairs
There is a stone staircase leading up here.
Found an escape hatch in the ceiling.
There is an escape hatch in the ceiling here.
You now have 125 gold pieces (gained 8).
q - 36 arrows (gained 25)
Things that are here:
a +0 ring mail; a +0 mace {mace}
There is an entrance to Sevvuet's Book Emporium here.
Unknown command.
A bat comes into view.
The bat closely misses you. The bat hits you but does no damage.
The bat hits you but does no damage. The bat hits you. 😕 HP[-1]
You take 1 damage, and now have 43/44 hp.
The bat hits you but does no damage. The bat hits you. 😕 HP[-1]
You take 1 damage, and now have 42/44 hp.
You hit the bat.
You kill the bat!
Lugonu accepts your kill.
No target in view!
Unknown command.
You see here a +0 robe.
A worm comes into view. 😎 HP[+2]
Your hp is fully restored (44).
The worm bites you. 😕 HP[-1]
You take 1 damage, and now have 43/44 hp.
You slash the worm!
Your tail-slap misses the worm.
The worm bites you. 😕 HP[-1]
You take 1 damage, and now have 42/44 hp.
You hit the worm. The worm barely misses you.
You slash the worm!
Your tail-slap misses the worm.
You hit the worm.
You kill the worm!
Lugonu accepts your kill.
No target in view!
A gnoll is nearby! 😎 HP[+2]
Your hp is fully restored (44).
The gnoll shouts!
You roll forward with a clatter of scales!
You closely miss the gnoll.
You hear a shout!
The gnoll hits you with a +0 spear. x2 😮 HP[-12]
You take 12 damage, and now have 32/44 hp.
MASSIVE DAMAGE!! (PAUSE)
You are too injured to fight recklessly!
You are too injured to fight recklessly!
You are too injured to fight recklessly!
You are too injured to fight recklessly!
You are too injured to fight recklessly!
You hit the gnoll.
The gnoll hits you with a +0 spear. 😮 HP[-5]
You take 5 damage, and now have 27/44 hp.
You slash the gnoll!
Your tail-slap misses the gnoll.
The gnoll closely misses you.
You hit the gnoll.
The gnoll hits you with a +0 spear. 😮 HP[-4]
You take 4 damage, and now have 23/44 hp.
You hit the gnoll. The gnoll hits you with a +0 spear!
* * * LOW HITPOINT WARNING * * *
The gnoll hits you from afar with a +2 halberd of venom!
* * * LOW HITPOINT WARNING * * *
You are poisoned.
The gnoll hits you with a +0 spear.
* * * LOW HITPOINT WARNING * * *
😱 HP[-18]
You take 18 damage, and now have 5/44 hp.
MASSIVE DAMAGE!! (PAUSE)
You hit the gnoll.
You kill the gnoll!
Lugonu accepts your kill.
* * * LOW HITPOINT WARNING * * *
You feel very sick.
The gnoll hits you from afar with a +2 halberd of venom!
You die...

Skill      XL: |  1  2  3  4  5 |
---------------+----------------+-----
Axes           | 3 4 |  4.5
Invocations    | 3 |  3.6
Fighting       | 4 |  4.1
Armour         | |  1.5
Dodging        | |  0.7

Action                   |  1- 3 |  4- 6 || total
-------------------------+-------+-------++-------
Melee: Hand axe          |   109 |    36 ||   145
       Tailslap          |    11 |    12 ||    23
       War axe           |       |    94 ||    94
 Fire: Hunting sling     |     5 |       ||     5
Invok: Depart the Abyss  |     1 |       ||     1
 Abil: Rolling Charge    |    10 |    20 ||    30
  Use: Scroll            |     3 |     2 ||     5
       Potion            |       |     3 ||     3
Armor: Leather armour    |    43 |       ||    43
       Ring mail         |     1 |    53 ||    54
Dodge: Dodged            |    46 |    76 ||   122

Levels and vault maps discovered:
D:1:      tarquinn_simple_flora_water_a, layout_loops_cross,
          hellmonk_ecumenical_altar_leap_of_faith, minmay_unequal
D:2:      layout_basic, basic_altar, lexackson_kobold_supper
D:3:      layout_loops_ring, nzn_wu_jian_contemplation, serial_shops,
          nicolae_shop_statue_plus, shop, shop, shop, shop, item_on_display_a,
          uniq_natasha
D:4:      layout_loops_ring, cheibrodos_sewer_entry_sluice, serial_shops,
          nicolae_lakefront_shop

Notes
Turn   | Place    | Note
-------+----------+-------------------------------------------
     0 | Abyss:1  | Sobieck the Palentonga Abyssal Knight began the quest for
                  | the Orb.
     0 | Abyss:1  | Reached XP level 1. HP: 19/19 MP: 2/2
     0 | Abyss:1  | magus.rc [v1.9.6]
   344 | Abyss:1  | Noticed a naga
   356 | Abyss:1  | Noticed a guardian serpent
   361 | D:1      | You pass through the gate.
   361 | D:1      | Escaped the Abyss
   635 | D:1      | Found a faded altar of an unknown god.
   689 | D:1      | Reached XP level 2. HP: 25/25 MP: 3/3
   697 | D:1      | Reached * piety under Lugonu
  1017 | D:1      | Reached XP level 3. HP: 18/31 MP: 4/4
  1225 | D:1      | Reached skill level 3 in Axes
  1736 | D:2      | Found a sacrificial altar of Ru.
  1779 | D:3      | Noticed Natasha
  1787 | D:3      | Killed Natasha
  1788 | D:3      | Reached XP level 4. HP: 14/37 MP: 4/6
  2046 | D:2      | Reached ** piety under Lugonu
  2201 | D:2      | Reached skill level 3 in Invocations
  3240 | D:3      | Found Uqihizuk's Jewellery Emporium.
  3284 | D:3      | Found Sevvuet's Book Emporium.
  3285 | D:3      | Found Cujoolax's Antique Weapon Shop.
  3296 | D:3      | Noticed Natasha
  3303 | D:3      | Reached skill level 4 in Axes
  3303 | D:3      | Reached XP level 5. HP: 33/44 MP: 7/7
  3309 | D:3      | Killed Natasha
  3309 | D:3      | HP: 11/44 [kobold (2)]
  3310 | D:3      | Reached skill level 4 in Fighting
  3447 | D:3      | Found Yrchutsi's General Store.
  3450 | D:3      | HP: 11/44 [orc (2)]
  3722 | D:3      | Noticed Natasha
  3725 | D:3      | Killed Natasha
  3854 | D:3      | Found an ornate altar of the Wu Jian Council.
  3956 | D:2      | HP: 8/44 [poisoned by a gnoll]
  3958 | D:2      | HP: 1/44 [poisoned by a gnoll]
  3961 | D:2      | Reached *** piety under Lugonu
  4456 | D:3      | HP: 9/44 [gnoll (8)]
  4457 | D:3      | HP: 2/44 [poisoned by a gnoll]
  4457 | D:3      | Slain by a gnoll

Vanquished Creatures
  An orc priest (D:3)
  Natasha (thrice) (D:3)
  2 gnolls (D:3)
  2 adders (D:2)
  3 worms
  A dart slug (D:2)
  5 orcs (D:3)
  3 endoplasms
  A giant cockroach (D:3)
  8 goblins
  5 hobgoblins
  15 jackals
  14 kobolds
  5 quokkas
  7 ball pythons
  6 bats
  3 frilled lizards
  5 rats
89 creatures vanquished.

Vanquished Creatures (others)
  4 plants (D:2)
4 creatures vanquished.

Grand Total: 93 creatures vanquished

Table legend:
 A = Non-vault XP
 B = Vault XP
 C = Vault XP percentage of total XP
 D = Non-vault monster count
 E = Vault monster count
 F = Vault count percentage of total count
                 A         B        C        D         E       F
            +---------+---------+-------+---------+---------+-------
      Total |     303 |      48 |  13.7 |      79 |      10 |  11.2
            +---------+---------+-------+---------+---------+-------
        D:1 |      64 |       2 |   3.0 |      38 |       1 |   2.6
        D:2 |      60 |      11 |  15.5 |      18 |       8 |  30.8
        D:3 |     179 |      35 |  16.4 |      23 |       1 |   4.2
            +---------+---------+-------+---------+---------+-------

Illustrated notes

Table legend:
 A = Kills in this place as a percentage of kills in entire the game.
 B = Kills by you in this place as a percentage of kills by you in the entire game.
 C = Kills by friends in this place as a percentage of kills by friends in the entire game.
 D = Other kills in this place as a percentage of other kills in the entire game.
 E = Experience gained in this place as a percentage of experience gained in the entire game.
 F = Experience gained in this place divided by the number of levels of this place that you have seen.
                   A       B       C       D       E      F
               +-------+-------+-------+-------+-------+----------------------
         Total | 100.0 | 100.0 |   N/A |   N/A | 100.0 |  70.2
       Dungeon | 100.0 | 100.0 |   N/A |   N/A | 100.0 |  87.8
               +-------+-------+-------+-------+-------+----------------------

Table legend: (Time is in decaauts)
 A = Elapsed time spent in this place.
 B = Non-inter-level travel time spent in this place.
 C = Inter-level travel time spent in this place.
 D = Time resting spent in this place.
 E = Time spent auto-exploring this place.
 F = Levels seen in this place.
 G = Mean time per level.
                   A        B        C        D        E       F      G
               +--------+--------+--------+--------+--------+-----+--------+
         Total |   4521 |   4418 |    103 |   1120 |   2669 |   5 |  904.2 |
       Dungeon |   4160 |   4057 |    103 |   1120 |   2326 |   4 | 1040.0 |
         Abyss |    361 |    361 |      0 |      0 |    343 |   1 |  361.0 |
               +--------+--------+--------+--------+--------+-----+--------+

Top non-repeatable levels by time:
     D:2: 1922 daAuts
     D:1: 1185 daAuts
     D:3: 1033 daAuts
 Abyss:1: 361 daAuts
     D:4: 19 daAuts
